Map: [ESL] Data-C

Players

Spirit

  • Race: Terran Terran
  • Spawn Location: 3:00

MaNa - Winner!

  • Race: Protoss Protoss
  • Spawn Location: 9:00

Event: DreamHack SC2 Masters 2022 Atlanta (Offline)

VOD

Have the link to the VOD?

Description

Time

  • Played on: Nov. 18, 2022, 3:51 p.m.
  • Length: 16:22

All games in this series

Show
View Real Time Build Order
Export as new Build Order

Spirit Terran 

Build Orders: 1/1/1 

Get SALT Encoding   

  12  0:00  SCV  
  13  0:12  SCV  
  14  0:16  Supply Depot  
  14  0:25  SCV  
  15  0:38  SCV  
  15  0:41  Barracks  
  16  0:46  Refinery  
  16  0:50  SCV  
  16  0:57  Refinery  
  17  1:02  SCV  
  18  1:14  SCV  
  19  1:27  Marine  
  19  1:28  Orbital Command  
  20  1:34  Factory  
  20  1:46  Barracks Reactor  
  20  1:47  Supply Depot  
  20  1:54  SCV  
  21  2:06  SCV  
  22  2:19  SCV, Starport  
  23  2:26  Widow Mine  
  23  2:27  Widow Mine  
  27  2:30  Supply Depot  
  27  2:31  SCV  
  28  2:38  Bunker  
  28  2:43  SCV  
  28  2:48  Widow Mine  
  30  2:52  Widow Mine  
  30  2:55  SCV  
  33  3:07  SCV  
  33  3:08  Supply Depot  
  33  3:09  Widow Mine  
  36  3:13  Widow Mine  
  36  3:16  Marine  
  39  3:24  SCV  
  38  3:29  Armory  
  38  3:30  Medivac  
  38  3:36  SCV  
  38  3:40  Marine  
  40  3:48  Widow Mine x2  
  42  4:02  SCV  
  38  4:17  Widow Mine  
  38  4:39  Widow Mine  
  38  4:40  Widow Mine  
  38  4:50  Medivac  
  38  4:56  SCV  
  39  5:08  Widow Mine  
  39  5:16  Supply Depot  
  39  5:24  Medivac  
  39  5:37  SCV, Marine  
  41  5:49  Supply Depot, SCV, Widow Mine  
  36  5:52  Widow Mine  
  36  5:55  Marine  
  37  6:02  SCV  
  34  6:10  Widow Mine  
  38  6:13  Marine  
  38  6:14  SCV  
  40  6:20  Starport Tech Lab  
  40  6:26  Supply Depot  
  40  6:30  SCV, Marine  
  38  6:43  Barracks  
  38  6:44  Thor  
  44  6:48  Medivac, Marine  
  47  6:56  SCV  
  46  7:06  Marine  
  46  7:08  Supply Depot, Barracks  
  47  7:12  SCV  
  48  7:27  Thor  
  54  7:30  SCV  
  54  7:31  Marine  
  54  7:32  Marine  
  57  7:49  Marine  
  57  7:50  Marine  
  59  8:02  SCV  
  56  8:07  Marine  
  56  8:10  Thor  
  57  8:20  SCV  
  57  8:21  Medivac  
  59  8:40  Viking  
  60  8:41  Marine  
  60  8:42  SCV, Marine  
  62  8:55  SCV  
  61  9:01  Siege Tank  
  62  9:03  Viking  
  62  9:05  Marine  
  62  9:07  SCV  
  62  9:08  Marine  
  67  9:15  Viking  
  69  9:23  Supply Depot  
  69  9:25  Marine  
  69  9:30  SCV  
  65  9:43  Siege Tank  
  65  9:44  SCV  
  69  9:49  Engineering Bay  
  73  10:23  Missile Turret, Widow Mine  
  60  10:36  Barracks Reactor  
  60  10:42  Command Center  
  60  10:49  Siege Tank  
  61  10:55  SCV  
  58  11:06  Marine  
  58  11:07  SCV  
  59  11:12  Bunker  
  59  11:19  SCV  
  59  11:31  SCV  
  60  11:43  SCV  
  60  11:46  Marine x2  
  63  11:56  SCV  
  64  12:08  SCV  
  65  12:17  Factory  
  65  12:19  Orbital Command  
  65  12:20  SCV  
  66  12:25  Starport Tech Lab  
  66  12:32  SCV  
  66  12:36  Missile Turret  
  67  12:43  Raven  
  69  12:44  SCV  
  69  12:45  Marine x2  
  69  12:48  SCV  
  73  12:56  SCV  
  74  13:00  SCV  
  74  13:05  Factory Tech Lab  
  75  13:08  SCV  
  75  13:12  SCV  
  75  13:21  SCV  
  75  13:23  Siege Tank  
  81  13:33  Refinery  
  82  13:35  Refinery  
  82  13:41  Command Center  
  80  13:45  SCV x2  
  82  13:57  SCV  
  82  14:00  SCV  
  81  14:06  Marine  
  81  14:07  Stimpack  
  81  14:08  Barracks, Factory Tech Lab  
  81  14:09  SCV  
  83  14:10  Barracks  
  83  14:12  SCV  
  84  14:17  Terran Infantry Weapons Level 1  
  84  14:21  SCV  
  84  14:22  Starport Reactor  
  85  14:24  SCV, Marine  
  85  14:27  Siege Tank  
  90  14:32  Supply Depot  
  90  14:33  SCV  
  90  14:35  Supply Depot  
  91  14:38  SCV  
  92  14:47  SCV  
  93  14:53  Orbital Command  
  93  14:57  SCV  
  93  14:59  Siege Tank  
  97  15:05  Barracks  
  97  15:07  Barracks  
  99  15:14  Marauder, Orbital Command  
  99  15:15  SCV  
  99  15:21  SCV  
  99  15:27  Supply Depot, SCV  
  100  15:33  SCV  
  100  15:35  Marine  
  91  15:36  Marauder  
  91  15:37  Marauder, Marine  
  91  15:39  SCV  
  91  15:40  SCV  
  97  15:45  SCV  
  95  15:51  SCV  
  95  15:52  SCV  
  95  15:53  Marine  
  98  15:57  Supply Depot, SCV  
  98  15:59  Barracks Reactor  
  98  16:03  SCV  
  104  16:04  SCV  
  104  16:09  SCV  
  104  16:11  Bunker  
  106  16:13  Barracks Tech Lab  
  106  16:14  Bunker  
Show
View Real Time Build Order
Export as new Build Order

MaNa Protoss - Winner!

Build Orders: Phoenix Opening 

Get SALT Encoding   

  12  0:00  Probe  
  13  0:12  Probe  
  14  0:17  Pylon  
  14  0:24  Probe (Chrono Boost)  
  15  0:36  Gateway, Probe (Chrono Boost)  
  16  0:44  Probe (Chrono Boost)  
  16  0:46  Assimilator  
  17  0:51  Probe  
  18  1:03  Probe (Chrono Boost)  
  19  1:13  Probe (Chrono Boost)  
  19  1:18  Probe  
  20  1:25  Cybernetics Core  
  21  1:32  Zealot  
  23  1:43  Pylon  
  23  1:51  Nexus  
  23  1:57  Assimilator  
  23  2:02  Stalker (Chrono Boost)  
  23  2:07  Probe  
  26  2:17  Warp Gate  
  26  2:19  Probe  
  27  2:23  Stalker  
  29  2:31  Probe  
  29  2:40  Pylon  
  29  2:44  Probe  
  30  2:56  Stargate  
  30  2:57  Probe  
  31  3:00  Pylon  
  31  3:06  Probe  
  31  3:11  Probe  
  33  3:18  Gateway  
  33  3:23  Probe  
  34  3:33  Pylon  
  34  3:40  Phoenix (Chrono Boost), Probe  
  36  3:53  Pylon  
  36  3:55  Probe  
  36  3:56  Phoenix  
  38  4:04  Probe  
  37  4:13  Robotics Facility, Stalker  
  37  4:14  Probe  
  40  4:23  Probe  
  40  4:26  Probe  
  39  4:36  Probe  
  34  4:38  Probe  
  34  4:45  Phoenix  
  35  4:48  Probe  
  35  4:51  Probe  
  35  5:01  Observer (Chrono Boost)  
  35  5:11  Adept x2  
  35  5:13  Probe  
  38  5:18  Probe  
  36  5:25  Probe  
  36  5:27  Phoenix  
  39  5:30  Observer  
  39  5:31  Probe  
  40  5:43  Probe  
  36  5:50  Probe  
  36  5:55  Phoenix, Probe  
  40  6:02  Probe  
  41  6:08  Probe  
  42  6:13  Observer (Chrono Boost)  
  42  6:15  Probe (Chrono Boost)  
  44  6:20  Phoenix (Chrono Boost), Probe (Chrono Boost)  
  45  6:27  Probe (Chrono Boost)  
  45  6:30  Stalker  
  45  6:31  Probe (Chrono Boost)  
  49  6:34  Probe (Chrono Boost)  
  49  6:36  Probe (Chrono Boost)  
  51  6:41  Probe  
  51  6:45  Zealot  
  51  6:46  Probe  
  55  6:53  Probe  
  56  6:58  Probe  
  56  6:59  Stalker  
  59  7:05  Probe  
  60  7:10  Probe  
  60  7:14  Observer  
  61  7:17  Probe  
  61  7:22  Probe  
  59  7:24  Pylon  
  59  7:29  Probe  
  60  7:30  Gateway  
  60  7:33  Pylon  
  60  7:34  Probe  
  61  7:41  Probe  
  61  7:42  Phoenix  
  64  7:44  Stalker  
  64  7:45  Stalker  
  64  7:48  Shield Battery  
  64  7:50  Probe  
  69  7:53  Probe  
  68  8:01  Shield Battery  
  68  8:05  Immortal (Chrono Boost)  
  67  8:10  Stalker  
  71  8:20  Stalker  
  73  8:33  Pylon  
  70  8:54  Pylon  
  68  9:07  Pylon  
  68  9:12  Sentry  
  68  9:15  Pylon  
  70  9:22  Immortal (Chrono Boost)  
  74  9:33  Sentry  
  76  9:51  Immortal (Chrono Boost)  
  80  10:10  Stalker x2  
  84  10:18  Observer  
  84  10:19  Pylon  
  82  10:36  Pylon  
  81  11:06  Immortal  
  85  11:18  Observer  
  85  11:33  Nexus  
  85  11:45  Probe  
  84  11:53  Twilight Council  
  84  12:00  Probe  
  83  12:19  Nexus  
  83  12:21  Observer  
  83  12:23  Probe  
  84  12:32  Dark Shrine  
  84  12:36  Probe  
  85  12:39  Robotics Bay  
  85  12:49  Robotics Facility  
  85  12:52  Probe x2  
  85  12:57  Blink (Chrono Boost)  
  87  13:04  Probe x2  
  89  13:06  Assimilator  
  89  13:11  Assimilator  
  89  13:13  Phoenix  
  89  13:16  Probe x2  
  93  13:28  Disruptor (Chrono Boost)  
  93  13:33  Disruptor (Chrono Boost)  
  98  13:45  Probe  
  98  13:46  Gateway x2  
  98  13:47  Pylon  
  99  13:56  Gateway  
  99  13:58  Gateway  
  99  13:59  Observer x2 (Chrono Boost)  
  99  14:00  Probe  
  101  14:03  Pylon  
  101  14:04  Observer (Chrono Boost)  
  101  14:09  Observer  
  102  14:11  Gravitic Boosters, Probe x2  
  102  14:12  Probe  
  102  14:13  Assimilator  
  102  14:16  Observer (Chrono Boost)  
  105  14:19  Disruptor  
  105  14:23  Probe x2  
  111  14:24  Probe  
  112  14:33  Shield Battery  
  112  14:35  Gateway, Probe  
  112  14:36  Stalker x2  
  117  14:39  Probe  
  117  14:40  Probe  
  119  14:51  Disruptor  
  122  14:57  Disruptor  
  125  15:07  Pylon  
  125  15:23  Zealot x4  
  125  15:25  Zealot x2  
  133  15:40  Probe x2  
  134  15:45  Stalker  
  134  15:46  Stalker x3  
  137  15:53  Pylon  
  137  15:54  Pylon  
  135  15:59  Zealot x3  
Tags
 
Add a new tag
Caveats
  • Supply blocks, unpowered buildings, or Contaminate may cause inaccurate times.
  • Supply counts are checked every 10 seconds.